 Seeded DCSS version 0.30-a0-187-gd9c2deaf24 (webtiles) character file.

Game seed: 9256909020028690172 (custom seed)

99 Iusername the Covered (level 4, 0/40 HPs)
             Began as a Minotaur Fighter on Oct 3, 2022.
             Frozen to death by an endoplasm (4 damage)
             ... on level 2 of the Dungeon.
             The game lasted 00:01:00 (1082 turns).

Iusername the Covered (Minotaur Fighter)            Turns: 1082, Time: 00:01:01

Health: 0/40       AC:  7    Str: 23    XL:     4   Next: 45%
Magic:  3/3        EV:  9    Int:  8    God:
Gold:   44         SH:  4    Dex:  9    Spells: 3/3 levels left

rFire   . . .      SeeInvis .    a - +0 war axe
rCold   . . .      Faith    .    c - +0 buckler
rNeg    + . .      Spirit   .    b - +0 scale mail
rPois   .          Reflect  .    g - +0 hat of the Hippo {*Slow rN+ rCorr Int+3}
rElec   .          Harm     .    (no cloak)
rCorr   +          Rampage  .    (no gloves)
Will    .....                    (no boots)
Stlth   ..........               (no amulet)
HPRegen 0.26/turn                (no ring)
MPRegen 0.08/turn                (no ring)

@: no status effects
A: horns 2, retaliatory headbutt
a: no special abilities


You were on level 2 of the Dungeon.
You visited 1 branch of the dungeon, and saw 2 of its levels.

You collected 44 gold pieces.

Inventory:

Hand Weapons
 a - a +0 war axe (weapon)
Armour
 b - a +0 scale mail (worn)
 c - a +0 buckler (worn)
 g - the +0 hat of the Hippo (worn) {*Slow rN+ rCorr Int+3}
   (You acquired it on level 1 of the Dungeon)

   Int:       It affects your intelligence (+3).
   rN:        It protects you from negative energy.
   rCorr:     It protects you from acid and corrosion.
   *Slow:     It may slow you when you take damage.
Scrolls
 e - a scroll of teleportation {unknown}
 f - 2 scrolls of noise {unknown}
Potions
 d - a potion of might
 h - a potion of flight {unknown}


   Skills:
 + Level 4.2 Fighting
 + Level 3.6 Axes
 + Level 4.5 Armour
 + Level 0.3 Dodging
 + Level 4.4 Shields


You had 3 spell levels left.
You didn't know any spells.
Your spell library contained the following spells:

 Spells                   Type           Power      Damage    Failure   Level
 Apportation              Tloc           0%         N/A       80%         1
 Magic Dart               Conj           0%         1d3       80%         1
 Call Imp                 Summ           0%         N/A       91%         2
 Mephitic Cloud           Conj/Pois/Air  0%         N/A       99%         3
 Alistair's Intoxication  Tmut/Pois      0%         N/A       100%        5


Dungeon Overview and Level Annotations

Branches:
Dungeon (2/15)

Altars:

Annotations:
D:2 Robin


Innate Abilities, Weirdness & Mutations

You have a pair of horns on your head.
You reflexively headbutt those who attack you in melee.


Message History

The hobgoblin no longer looks unusually strong.
The goblin hits you but does no damage.
Unknown command.
You hit the goblin.
You kill the goblin!
The hobgoblin no longer looks unusually strong.
Robin roars a battlecry!
The hobgoblins go into a battle-frenzy!
The hobgoblin closely misses you.
Unknown command.
You hit the hobgoblin. Your headbutt misses the hobgoblin.
The hobgoblin is severely wounded.
Robin throws the goblin at you!
* * * LOW HITPOINT WARNING * * *
The hobgoblin hits you.
* * * LOW HITPOINT WARNING * * *
You slash the hobgoblin!
You kill the hobgoblin!
You slash the goblin!
You kill the goblin!
Unknown command.
Unknown command.
You closely miss the hobgoblin. The hobgoblin misses you.
The hobgoblin hits you but does no damage.
You closely miss the hobgoblin. You headbutt the hobgoblin.
You kill the hobgoblin!
Robin roars a battlecry!
The goblin goes into a battle-frenzy!
Unknown command.
You slash the endoplasm!
You kill the endoplasm!
Unknown command.
You slash the goblin!
You kill the goblin!
Unknown command.
You hit the endoplasm.
The endoplasm is almost dead.
The endoplasm freezes you.
You are frozen.
You die...

........#. .........
######.# # #....
####.#.#####
.....#.#...#
####.#.#...# #
#)#.#...############# #
#..........))@Jgg....
####.#.#############w...
.....#.# . ######.# #.#
..# ###


You could see a worm, Robin, an endoplasm and a hobgoblin (strong).

Vanquished Creatures
  Jessica (D:2)
  Natasha (D:2)
  An adder (D:2)
  5 endoplasms
  2 giant cockroaches (D:1)
  11 goblins
  5 hobgoblins
  A quokka (D:2)
  A ball python (D:1)
  A bat (D:1)
  3 kobolds
  2 rats (D:1)
34 creatures vanquished.

Notes
Turn   | Place    | Note
-------+----------+-------------------------------------------
     0 | D:1      | Iusername the Minotaur Fighter began the quest for the Orb.
     0 | D:1      | Reached XP level 1. HP: 19/19 MP: 0/0
   340 | D:1      | Reached XP level 2. HP: 27/27 MP: 1/1
   416 | D:1      | Identified a scroll of acquirement
   416 | D:1      | Acquired the +0 hat of the Hippo {*Slow rN+ rCorr Int+3}
   867 | D:2      | Noticed Jessica
   873 | D:2      | Reached XP level 3. HP: 33/33 MP: 2/2
   883 | D:2      | Killed Jessica
  1046 | D:2      | Noticed Natasha
  1049 | D:2      | Noticed Robin
  1067 | D:2      | Killed Natasha
  1068 | D:2      | Reached XP level 4. HP: 5/40 MP: 3/3
  1076 | D:2      | HP: 2/40 [hobgoblin[Robin] (2)]
  1082 | D:2      | Frozen to death by an endoplasm

Illustrated notes

Levels and vault maps discovered:
D:1:      dpeg_cavernosity, layout_loops_cross
D:2:      layout_basic, shapermc_ecumenical_altar_gd, uniq_robin, uniq_jessica,
          uniq_natasha

Skill      XL: |  1  2  3 |
---------------+----------+-----
Armour         | 4 |  4.5
Shields        | 4 |  4.4
Fighting       | 4 |  4.2
Axes           | 3 |  3.6
Dodging        | |  0.3

Action                   |  1- 3 |  4- 6 || total
-------------------------+-------+-------++-------
Melee: War axe           |    68 |    14 ||    82
       Headbutt          |     8 |     2 ||    10
  Use: Scroll            |     1 |       ||     1
Armor: Scale mail        |    29 |     7 ||    36
Dodge: Dodged            |    27 |     5 ||    32
Block: Buckler           |    16 |     2 ||    18

Table legend: (Time is in decaauts)
 A = Elapsed time spent in this place.
 B = Non-inter-level travel time spent in this place.
 C = Inter-level travel time spent in this place.
 D = Time resting spent in this place.
 E = Time spent auto-exploring this place.
 F = Levels seen in this place.
 G = Mean time per level.
                   A        B        C        D        E       F      G
               +--------+--------+--------+--------+--------+-----+--------+
         Total |   1114 |   1075 |     39 |      0 |    875 |   2 |  557.0 |
       Dungeon |   1114 |   1075 |     39 |      0 |    875 |   2 |  557.0 |
               +--------+--------+--------+--------+--------+-----+--------+

Top non-repeatable levels by time:
     D:1: 862 daAuts
     D:2: 252 daAuts
